 Dungeon Crawl Stone Soup version 0.31-a0-485-gaadceae713 (webtiles) character file.

Game seed: 8576381584290293451

4860 mopl the Martial Artist (level 10, 0/68 HPs)
             Began as an Octopode Shapeshifter on Aug 3, 2023.
             Was a Follower of Uskayaw.
             Slain by a yak (11 damage)
             ... on level 8 of the Dungeon on Aug 7, 2023.
             The game lasted 00:12:24 (8653 turns).

mopl the Martial Artist (Octopode Shapeshifter)     Turns: 8653, Time: 00:12:25

Health: 0/68       AC:  5    Str: 15    XL:     10   Next: 50%
Magic:  20/20      EV: 14    Int: 10    God:    Uskayaw [*.....]
Gold:   395        SH: 10    Dex: 17    Spells: 9/9 levels left

rFire   . .          .
                       - Unarmed
rCold   . . .        d - +2 kite shield
rNeg    . . .        (helmet currently unavailable)
rPois   .            (no amulet)
rElec   .            a - +4 ring of protection
rCorr   .            x - ring of magical power
SInv    .            (no ring)
Will    .....        (no ring)
Stlth   +++          (no ring)
HPRegen 0.31/turn    (no ring)
MPRegen 0.17/turn    (no ring)
                     (no ring)

%: no passive effects
@: beast-form
A: beast (slay +5), almost no armour, amphibious, 8 rings, camouflage 1,
gelatinous body 1, (nimble swimmer 1), tentacles
a: Begin Untransformation, Renounce Religion, Stomp


You were on level 8 of the Dungeon.
You worshipped Uskayaw.
Uskayaw was noncommittal.
You were a hulking beast.
You visited 2 branches of the dungeon, and saw 9 of its levels.
You also visited: Ossuary.

You collected 395 gold pieces.

Inventory:

Missiles
 c - 3 curare-tipped darts
 i - 18 boomerangs
 o - 21 poisoned darts (quivered)
 p - 4 javelins
Armour
 d - a +2 kite shield (worn)
Jewellery
 a - a +4 ring of protection (left tentacle)
 x - a ring of magical power (right tentacle)
Talismans
 b - a beast talisman (active)
 l - a granite talisman
 B - a serpent talisman
Wands
 z - a wand of roots (3)
Scrolls
 f - 2 scrolls of enchant weapon {unknown}
 g - a scroll of enchant armour {unknown}
 j - 4 scrolls of vulnerability {unknown}
 n - 4 scrolls of teleportation {unknown}
 q - 2 scrolls of butterflies {unknown}
 r - a scroll of poison {unknown}
 s - 2 scrolls of noise {unknown}
 t - a scroll of revelation {unknown}
 v - a scroll of brand weapon {unknown}
 w - 2 scrolls of identify
 y - a scroll of blinking {unknown}
Potions
 e - 2 potions of might
 h - a potion of heal wounds
 k - 3 potions of curing
 m - 2 potions of mutation {!q}
 u - a potion of invisibility
 A - a potion of brilliance


   Skills:
 + Level 5.9 Fighting
 + Level 3.9 Throwing
 + Level 6.0 Dodging
 * Level 9.0 Unarmed Combat
 + Level 2.5 Invocations
 * Level 7.6 Shapeshifting


You had 9 spell levels left.
You didn't know any spells.
Your spell library contained the following spells:

 Spells                   Type           Power      Damage    Failure   Level
 Freeze                   Ice            0%         1d3       80%         1
 Kiss of Death            Conj/Necr      0%         2d5       80%         1
 Magic Dart               Conj           0%         1d3       80%         1
 Call Imp                 Summ           0%         N/A       91%         2
 Cigotuvi's Dreadful Rot  Necr/Pois/Air  0%         N/A       91%         2
 Wereblood                Tmut           0%         N/A       91%         2
 Confusing Touch          Hex            0%         N/A       99%         3
 Frozen Ramparts          Ice            0%         1d1       99%         3
 Hailstorm                Conj/Ice       0%         3d3       99%         3
 Ignite Poison            Fire/Tmut/Pois 0%         N/A       99%         3
 Mephitic Cloud           Conj/Pois/Air  0%         N/A       99%         3
 Portal Projectile        Hex/Tloc       0%         N/A       99%         3
 Tukima's Dance           Hex            0%         N/A       99%         3
 Dispel Undead            Necr           0%         3d6       100%        4
 Iskenderun's Mystic Bla  Conj/Tloc      0%         2d3       100%        4
 Freezing Cloud           Conj/Ice/Air   0%         6-21      100%        5
 Irradiate                Conj/Tmut      0%         3d11      100%        5


Dungeon Overview and Level Annotations

Branches:
Dungeon (8/15)             Temple (1/1) D:7         Ossuary (visited)
   Lair: D:8-11

Altars:
Elyvilon
Fedhas
Hepliaklqana
Kikubaaqudgha
Makhleb
Nemelex Xobeh
Okawaru
Qazlal
Ru
Sif Muna
Trog
Uskayaw
Vehumet
Wu Jian
Xom
Zin

Annotations:
D:3 2 transporters


Innate Abilities, Weirdness & Mutations

You are a hulking beast.
Your limbs bulge with bestial killing power. (Slay +5)
You cannot wear most types of armour.
You are amphibious.
You can wear up to eight rings at the same time.
Your skin changes colour to match your surroundings (Stealth+).
Your rubbery body absorbs attacks. (AC +1, EV +1)
((You are camouflaged when in or above water. (Stealth+)))
You have tentacles for arms and can constrict up to eight enemies at once.


Message History

You can no longer pass through a line of other dancers.
The yak attacks as you move away! The yak gores you!
* * * LOW HITPOINT WARNING * * *
Aiming: Fastroot
Press: ? - help, Shift-Dir - straight line, f - yak
Aim: a yak The roots erupt in riotous growth!
Roots grab the yak.
The grasping roots constrict the yak.
The yak gores you.
* * * LOW HITPOINT WARNING * * *
The grasping roots constrict the yak.
The roots release their grip on the yak.
You barely miss the yak. You squeeze the yak!
The yak is heavily wounded.
The yak misses you.
You bludgeon the yak!
The yak is severely wounded.
The yak misses you.
You can now pass through a line of other dancers.
You bludgeon the yak!
You kill the yak!
The yak gores you!
* * * LOW HITPOINT WARNING * * *
Your Dodging skill increases to level 6!
Your Unarmed Combat skill increases to level 9!
Unknown command.
You feel much better. The yak barely misses you.
The yak attacks as you move away! The yak gores you.
* * * LOW HITPOINT WARNING * * *
The yak attacks as you move away! You block the yak's attack.
The yak attacks as you move away! You block the yak's attack.
The yak attacks as you move away! The yak gores you!
* * * LOW HITPOINT WARNING * * *
You can no longer pass through a line of other dancers.
The yak attacks as you move away! You block the yak's attack.
The yak attacks as you move away! The yak barely misses you.
The yak attacks as you move away! The yak misses you.
The yak attacks as you move away! The yak completely misses you.
The yak attacks as you move away! The yak gores you!
You die...

.....####.#########...# #.#
#. ..#######.####### ##.##
#.# #. ..###...........# #.#
#.# #. ...........####.# #.#
#.# #. .####.###..## #.# #.#
#.# #. ............# #.#
#.######.# #. ...>..####..#
#.# #........# ## #####D#
#..###.##########..# ## #.#
##......hY..........#####
.## #.#
#........Y...............
#.###(#
#.#.###.##########.######
##...D###.#.# #.# ###
##.......#.# #.# §§§
##)##.#####.###.##### §§§§
#).##.....D.........# §§§§§
..).........#######.##§§§§§§
...########## #..######§


You could see 2 yaks.

Vanquished Creatures
  Pikel (D:4)
  Grinder (D:4)
  2 wyverns
  3 yaks (D:8)
  3 steam dragons
  Menkaure (D:7)
  A water moccasin (D:6)
  Duvessa (D:4)
  An orc warrior (D:8)
  2 ice beasts
  2 sky beasts (D:6)
  2 centaurs
  2 ogres (D:5)
  A lemure (D:4)
  3 phantoms
  4 kobold brigands
  3 bullfrogs
  A gnoll sergeant (D:6)
  3 scorpions
  Dowan (D:4)
  4 howler monkeys
  A vampire bat (D:3)
  6 electric eels (D:6)
  A crimson imp (D:5)
  A hound (D:5)
  A jelly (D:5)
  2 orc priests
  4 iguanas
  2 orc wizards
  A mummy (Ossuary)
  9 adders
  8 gnolls
  5 white imps
  An ufetubus (D:6)
  A dart slug (D:2)
  26 orcs
  6 spectral bats (Ossuary)
  2 ball pythons
  13 bats
  3 endoplasms (D:2)
  6 giant cockroaches
  12 gnoll zombies (Ossuary)
  7 hobgoblins
  6 jackals
  5 quokkas
  2 bat simulacra (Ossuary)
  2 frilled lizards
  4 goblins
  3 goblin simulacra (Ossuary)
  7 goblin zombies
  5 hobgoblin zombies (Ossuary)
  28 kobolds
  2 kobold simulacra (Ossuary)
  5 kobold zombies (Ossuary)
  2 orc zombies (Ossuary)
  6 rats
  A rat simulacrum (Ossuary)
  A rat zombie (D:7)
  2 spectral goblins (Ossuary)
  A spectral kobold (Ossuary)
  4 spectral rats (Ossuary)
246 creatures vanquished.

Vanquished Creatures (others)
  A centaur (D:7)
  A scorpion (D:7)
  A gnoll bouda (D:7)
  3 orc priests (D:7)
  An iguana (D:7)
  An orc wizard (D:7)
  A gnoll (D:6)
9 creatures vanquished.

Grand Total: 255 creatures vanquished

Notes
Turn   | Place    | Note
-------+----------+-------------------------------------------
     0 | D:1      | mopl the Octopode Shapeshifter began the quest for the Orb.
     0 | D:1      | Reached XP level 1. HP: 13/13 MP: 1/1
   160 | D:1      | Reached XP level 2. HP: 17/18 MP: 2/2
   372 | D:1      | Reached XP level 3. HP: 22/23 MP: 3/3
  1019 | D:2      | Reached XP level 4. HP: 19/28 MP: 4/4
  1362 | D:2      | Found a faded altar of an unknown god.
  1736 | D:3      | Found a transporter.
  1741 | D:3      | Found a transporter.
  1822 | D:3      | Reached skill level 4 in Unarmed Combat
  1888 | D:3      | Found a burning altar of Makhleb.
  2041 | D:3      | Reached skill level 2 in Fighting
  2041 | D:3      | Reached XP level 5. HP: 24/34 MP: 5/5
  2255 | D:3      | Reached skill level 4 in Shapeshifting
  2511 | D:4      | Reached XP level 6. HP: 39/39 MP: 6/6
  2523 | D:4      | Noticed Duvessa
  2523 | D:4      | Noticed Dowan
  2538 | D:4      | Killed Dowan
  2539 | D:4      | Reached skill level 3 in Dodging
  2618 | D:4      | Found a blossoming altar of Fedhas.
  2689 | D:4      | Killed Duvessa
  2692 | D:4      | Noticed Grinder
  2693 | D:4      | Paralysed by Grinder for 5 turns
  2697 | D:4      | Noticed Pikel
  2723 | D:4      | Killed Pikel
  2724 | D:4      | Reached skill level 3 in Fighting
  2724 | D:4      | Reached skill level 5 in Unarmed Combat
  2724 | D:4      | Reached skill level 5 in Shapeshifting
  2724 | D:4      | Reached XP level 7. HP: 33/46 MP: 7/7
  2724 | D:4      | Reached XP level 8. HP: 38/52 MP: 8/8
  2728 | D:4      | Killed Grinder
  2729 | D:4      | Reached skill level 4 in Dodging
  2729 | D:4      | Reached skill level 6 in Unarmed Combat
  3070 | D:4      | Found an iron altar of Okawaru.
  3364 | D:5      | Entered Level 5 of the Dungeon
  3443 | D:5      | Reached skill level 4 in Fighting
  3834 | D:5      | Reached skill level 7 in Unarmed Combat
  3834 | D:5      | Reached skill level 6 in Shapeshifting
  4156 | D:6      | Reached skill level 1 in Throwing
  4168 | D:6      | Upgraded the game from 0.31-a0-455-g1a7b003ef0 to
                  | 0.31-a0-485-gaadceae713
  4178 | D:6      | Reached XP level 9. HP: 17/59 MP: 9/9
  4626 | D:6      | Reached skill level 5 in Dodging
  4655 | D:6      | Reached skill level 2 in Throwing
  5576 | D:6      | Reached skill level 5 in Fighting
  5861 | D:6      | Reached skill level 8 in Unarmed Combat
  6708 | D:7      | Found a staircase to the Ecumenical Temple.
  6714 | Temple   | Entered the Ecumenical Temple
  6728 | Temple   | Became a worshipper of Uskayaw the Reveller
  6806 | D:7      | Found a sand-covered staircase.
  6819 | D:7      | Reached * piety under Uskayaw
  6823 | Ossuary  | Entered an ossuary
  6840 | Ossuary  | Reached ** piety under Uskayaw
  6846 | Ossuary  | Reached *** piety under Uskayaw
  7041 | Ossuary  | Reached **** piety under Uskayaw
  7138 | D:7      | Found a shimmering altar of Xom.
  7143 | D:7      | Reached skill level 3 in Throwing
  7143 | D:7      | Reached skill level 7 in Shapeshifting
  7168 | D:7      | Found a white marble altar of Elyvilon.
  7188 | D:7      | Reached skill level 1 in Invocations
  7188 | D:7      | Reached XP level 10. HP: 64/66 MP: 10/10
  7253 | D:7      | Noticed Menkaure
  7259 | D:7      | Killed Menkaure
  8061 | D:8      | Found an ornate altar of the Wu Jian Council.
  8084 | D:8      | Reached skill level 2 in Invocations
  8278 | D:8      | Found a stormy altar of Qazlal.
  8644 | D:8      | Reached skill level 6 in Dodging
  8644 | D:8      | Reached skill level 9 in Unarmed Combat
  8653 | D:8      | Slain by a yak

Illustrated notes

Levels and vault maps discovered:
D:1:      dpeg_arrival_stonehenge_8_columns, layout_basic
D:2:      layout_loops_ring, hellmonk_ecumenical_altar_leap_of_faith
D:3:      gammafunk_wand_slinger, layout_basic, mainiacjoe_overflow_24_doors,
          roderic_batcave
D:4:      layout_cave_pools, old_standard_altar, okawaru_trees_1, uniq_grinder,
          uniq_pikel, uniq_duvessa
D:5:      layout_cave_pools, minmay_fire_ice_demons
D:6:      layout_gridville, supply_closet_lemuel, serial_bayou_lake_a
D:7:      layout_basic, xom_confusion_cloud, elyvilon_altar_5,
          minmay_temple_entry_hall, enter_ossuary_4,
          minmay_fractal_squares_gapless_5, uniq_menkaure
D:8:      layout_loops_ring, nicolae_qazlal_eye_of_the_storm, lemuel_round_altar
Temple:   nicolae_temple_figure_zero

Skill      XL: |  1  2  3  4  5  6  7  8  9 10 |
---------------+-------------------------------+-----
Unarmed Combat | 4 5 7 8 9 |  9.0
Fighting       | 2 3 4 5 |  5.9
Shapeshifting  | 4 5 6 7 |  7.6
Dodging        | 3 4 5 6 |  6.0
Throwing       | 1 3 |  3.9
Invocations    | 1 2 |  2.5

Action                     |  1- 3 |  4- 6 |  7- 9 | 10-12 || total
---------------------------+-------+-------+-------+-------++-------
  Melee: Unarmed           |    73 |   107 |   229 |   112 ||   521
         Constrict         |    19 |    20 |    57 |    21 ||   117
         Tentacles         |    12 |    15 |    56 |    25 ||   108
         Punch             |     1 |     1 |    11 |     9 ||    22
  Throw: Dart              |       |       |    14 |       ||    14
  Evoke: Wand              |       |       |       |     1 ||     1
    Use: Scroll            |       |     3 |     4 |     1 ||     8
         Potion            |       |     3 |       |     1 ||     4
   Stab: Sleeping          |     2 |     4 |     8 |     3 ||    17
         Paralysed         |       |       |     3 |     8 ||    11
         Distracted        |       |       |     1 |       ||     1
 Armour: Skin              |     6 |    72 |    36 |    19 ||   133
  Dodge: Dodged            |    51 |    53 |   105 |    51 ||   260
  Block: Kite shield       |       |       |    27 |    46 ||    73

Table legend: (Time is in decaauts)
 A = Elapsed time spent in this place.
 B = Non-inter-level travel time spent in this place.
 C = Inter-level travel time spent in this place.
 D = Time resting spent in this place.
 E = Time spent auto-exploring this place.
 F = Levels seen in this place.
 G = Mean time per level.
                   A        B        C        D        E       F      G
               +--------+--------+--------+--------+--------+-----+--------+
         Total |   8626 |   8307 |    319 |   2472 |   4149 |  10 |  862.6 |
       Dungeon |   8302 |   7995 |    307 |   2472 |   4006 |   8 | 1037.8 |
        Temple |     26 |     14 |     12 |      0 |      0 |   1 |   26.0 |
       Ossuary |    296 |    296 |      0 |      0 |    143 |   1 |  296.0 |
               +--------+--------+--------+--------+--------+-----+--------+

Top non-repeatable levels by time:
     D:6: 2372 daAuts
     D:7: 1061 daAuts
     D:2: 938 daAuts
     D:4: 907 daAuts
     D:5: 873 daAuts
     D:1: 791 daAuts
     D:3: 708 daAuts
     D:8: 649 daAuts
 Ossuary: 296 daAuts
  Temple: 26 daAuts
